 Dungeon Crawl Stone Soup version 0.28.0-43-g3370ac3207 (webtiles) character file.

Game seed: 13002104918464618486

2596 smarlow the Magician (level 9, -4/52 HPs)
             Began as a Deep Elf Conjurer on Feb 28, 2022.
             Was an Initiate of Makhleb.
             Slain by Harold
             ... wielding a +0 hand axe
              (17 damage)
             ... on level 7 of the Dungeon.
             The game lasted 00:16:25 (8410 turns).

smarlow the Magician (Deep Elf Conjurer)            Turns: 8410, Time: 00:16:26

Health: -4/52      AC:  9    Str:  6 (7)  XL:     9   Next: 33%
Magic:  2/22       EV: 10    Int: 25 (28) God:    Makhleb [......]
Gold:   319        SH:  0    Dex: 11 (13) Spells: 16/23 levels left

rFire   . . .      SeeInvis .   (no weapon)
rCold   . . .      Faith    .   (no shield)
rNeg    . . .      Spirit   .   y - +1 ring mail of Etsugitz {-Tele Will++ Str+3}
rPois   .          Reflect  .   (no helmet)
rElec   .          Harm     .   n - +0 cloak
rCorr   .          Rampage  .   k - +0 pair of gloves
Will    ++...      NoTele   +   (no boots)
Stlth   ++........              (no amulet)
HPRegen 0.17/turn               (no ring)
MPRegen 0.18/turn               (no ring)

@: marked, invisible
A: no striking features
a: Renounce Religion


You were on level 7 of the Dungeon.
You worshipped Makhleb.
Makhleb was noncommittal.
You visited 2 branches of the dungeon, and saw 8 of its levels.

You collected 319 gold pieces.

Inventory:

Missiles
 B - 2 throwing nets
Armour
 a - a +0 robe
 c - a +0 kite shield
 k - a +0 pair of gloves (worn)
 n - a +0 cloak (worn)
 y - the +1 ring mail of Etsugitz (worn) {-Tele Will++ Str+3}
   (You found it on level 6 of the Dungeon)

   Str:       It affects your strength (+3).
   -Tele:     It prevents most forms of teleportation.
   Will:      It greatly increases your willpower.
Jewellery
 f - a ring of positive energy
 m - a ring of fire
Wands
 b - a wand of mindburst (11)
 i - a wand of acid (4)
Scrolls
 d - 3 scrolls of teleportation
 h - a scroll of amnesia
 j - a scroll of summoning
 l - 2 scrolls of enchant weapon
 o - a scroll of brand weapon {unknown}
 p - a scroll of blinking
 s - 3 scrolls of immolation {unknown}
 x - a scroll of noise {unknown}
 A - a scroll of identify
Potions
 e - 2 potions of lignification
 q - 2 potions of flight
 r - a potion of invisibility
 u - a potion of cancellation {unknown}
 v - a potion of might {unknown}
 w - 3 potions of heal wounds {unknown}
 z - a potion of berserk rage {unknown}


   Skills:
 + Level 4.2 Fighting
 * Level 3.3 Armour
 + Level 5.2 Dodging
 - Level 5.2 Stealth
 + Level 3.0 Shields
 * Level 7.8 Spellcasting
 * Level 7.5 Conjurations
 * Level 2.7 Translocations


You had 16 spell levels left.
You knew the following spells:

 Your Spells              Type           Power      Damage    Failure   Level
a - Magic Dart            Conj           100%       1d8       1%          1
b - Searing Ray           Conj           94%        2d7       1%          2
c - Iskenderun's Mystic   Conj/Tloc      35%        2d8       26%         4

Your spell library contained the following spells:

 Spells                   Type           Power      Damage    Failure   Level
 Dazzling Flash           Conj/Hex       56%        N/A       14%         3
 Corpse Rot               Necr/Air       18%        N/A       34%         2
 Poisonous Vapours        Pois/Air       18%        N/A       34%         2
 Fulminant Prism          Conj/Hex       14%        3d9       43%         4


Dungeon Overview and Level Annotations

Branches:
Dungeon (7/15)             Temple (1/1) D:6

Altars:
Cheibriados
Dithmenos
Elyvilon
Fedhas
Kikubaaqudgha
Makhleb
Nemelex Xobeh
Okawaru
Qazlal
Ru
Sif Muna
Trog
Uskayaw
Vehumet
Wu Jian
Xom
Zin
The Shining One

Annotations:
D:4 1 runed translucent door, Crazy Yiuf
D:7 Harold


Message History

(Press . to maintain the ray.)
The searing ray hits Harold!
Harold is severely wounded.
Harold hits you with a +0 hand axe.
The searing ray hits Harold but does no damage.
Harold is severely wounded.
Harold hits you with a +0 hand axe!
The searing ray misses Harold.
You finish channelling your searing ray.
Harold closely misses you.
Casting: Searing Ray (safe; 1% risk of failure)
Confirm with . or Enter, or press ? or * to list all spells.
Aiming: Searing Ray (safe; 1% risk of failure)
Press: ? - help, Shift-Dir - straight line, f/p - Harold
Aim: Harold, wielding a +0 hand axe and wearing a +2 scale mail of fire resistance (severely wounded, 90% to hit)
The searing ray hits Harold!
Harold is almost dead. (Press . to maintain the ray.) Harold hits you but does no damage.
Without enough magic to sustain it, your searing ray dissipates.
Harold closely misses you.
You cannot teleport because you are wearing the +1 ring mail of Etsugitz {-Tele Will++ Str+3}.
Harold gestures at you while chanting. A sentinel's mark forms upon you.
Harold fires a harpoon shot at you. The harpoon shot hits you!
You are yanked forward by the harpoon shot.
You cannot teleport because you are wearing the +1 ring mail of Etsugitz {-Tele Will++ Str+3}.
Okay, then.
You feel better. Harold hits you with a +0 hand axe!
It was a potion of degeneration.
There was something very wrong with that liquid.
You feel weakened.
You feel dopey.
You feel clumsy. Harold closely misses you.
It was a potion of invisibility.
You fade into invisibility!
Harold hits you with a +0 hand axe!
* * * LOW HITPOINT WARNING * * *
You feel better. Harold hits you with a +0 hand axe!
You die...

..# ### ##....<. #.#
....# ##...##.. .# ...##
##...###.. .. #..##
##...## #.. .# #
#...###...## ##.. .. ..
#........## #... #.
#.......## #..## #..
###......## #..
#..#####@@......# ##..
##.........(.....####.>
#.......##.......[....#
#.......##.............##
..##!..###..............#
##.. #..###.........##
##. #..# ##.........###
###. ##.####.............
....##..# #..........####


You could see Harold.

Vanquished Creatures
  A centaur zombie (D:7)
  Maggie (D:6)
  Prince Ribbit (D:5)
  Grinder (D:3)
  Sigmund (D:6)
  Edmund (D:5)
  A black bear (D:6)
  An ice beast (D:5)
  2 necrophages
  An ogre (D:4)
  2 centaurs
  A phantom (D:7)
  3 scorpions
  A hound (D:4)
  2 orc priests (D:4)
  2 jellies (D:6)
  An orc wizard (D:4)
  A hound skeleton (D:5)
  5 gnolls
  19 adders
  A white imp (D:6)
  An ufetubus (D:4)
  2 worms
  2 dart slugs
  7 orcs
  9 ball pythons
  5 endoplasms
  6 giant cockroaches
  7 hobgoblins
  3 jackals (D:4)
  8 kobolds
  3 quokkas
  5 bats
  4 frilled lizards
  11 goblins
  2 rats (D:1)
124 creatures vanquished.

Notes
Turn   | Place    | Note
-------+----------+-------------------------------------------
     0 | D:1      | smarlow the Deep Elf Conjurer began the quest for the Orb.
     0 | D:1      | Reached XP level 1. HP: 10/10 MP: 6/6
   305 | D:1      | Reached XP level 2. HP: 15/15 MP: 5/8
   787 | D:1      | Reached XP level 3. HP: 20/20 MP: 4/9
   790 | D:1      | Learned a level 2 spell: Searing Ray
  1132 | D:1      | Found a faded altar of an unknown god.
  1664 | D:2      | Reached skill level 1 in Fighting
  1664 | D:2      | Reached XP level 4. HP: 25/25 MP: 7/11
  1910 | D:3      | Noticed a scorpion
  1914 | D:3      | Killed a scorpion
  1915 | D:3      | Reached skill level 1 in Armour
  1915 | D:3      | Reached skill level 1 in Shields
  2122 | D:3      | Reached XP level 5. HP: 29/29 MP: 9/13
  2161 | D:3      | Reached skill level 5 in Conjurations
  2423 | D:3      | Noticed Grinder
  2430 | D:3      | Paralysed by Grinder for 2 turns
  2436 | D:3      | Killed Grinder
  2437 | D:3      | Reached XP level 6. HP: 35/35 MP: 0/15
  3318 | D:4      | Reached skill level 5 in Spellcasting
  3318 | D:4      | Reached XP level 7. HP: 40/40 MP: 7/16
  3888 | D:4      | Found a runed translucent door.
  3889 | D:4      | Noticed Crazy Yiuf
  4417 | D:5      | Entered Level 5 of the Dungeon
  4985 | D:5      | Noticed Edmund
  5289 | D:5      | Noticed Prince Ribbit
  5295 | D:5      | Killed Prince Ribbit
  5296 | D:5      | Reached XP level 8. HP: 33/46 MP: 12/19
  5665 | D:5      | Found an iron altar of Okawaru.
  5952 | D:6      | Learned a level 4 spell: Iskenderun's Mystic Blast
  6336 | D:6      | Found a staircase to the Ecumenical Temple.
  6351 | D:6      | Noticed Sigmund
  6363 | Temple   | Entered the Ecumenical Temple
  6396 | Temple   | Became a worshipper of Makhleb the Destroyer
  6478 | D:7      | HP: 1/46 [centaur warrior zombie (3)]
  6486 | D:7      | Reached skill level 5 in Stealth
  6486 | D:7      | Reached skill level 1 in Translocations
  6897 | D:7      | Noticed Harold
  7220 | D:6      | Reached XP level 9. HP: 52/52 MP: 14/22
  7319 | D:6      | Identified the +1 ring mail of Etsugitz {-Tele Will++
                  | Str+3}
  7560 | D:6      | Reached skill level 5 in Dodging
  7610 | D:6      | Noticed Maggie
  7628 | D:6      | Killed Maggie
  7939 | D:6      | Killed Sigmund
  8016 | D:5      | Killed Edmund
  8410 | D:7      | Slain by Harold

Illustrated notes

Levels and vault maps discovered:
D:1:      dpeg_arrival_renting, layout_loops_ring,
          shapermc_ecumenical_altar_mp_urbaneastern, minmay_pentomino_u4
D:2:      layout_basic, minmay_misc_feat_more_columns
D:3:      layout_loops_corners, nrook_campfire, minmay_snake_closets,
          uniq_grinder
D:4:      layout_gridville, minmay_vboxes, uniq_crazy_yiuf_cottage
D:5:      layout_cave_pools, kennysheep_okawaru_gauntlet, uniq_edmund,
          uniq_prince_ribbit1
D:6:      layout_cave_pods, minmay_temple_entry_hall, uniq_sigmund, uniq_maggie
D:7:      layout_layer_cave, ebering_ghost_rock_garden, uniq_harold
Temple:   dpeg_three_leaves_temple

Skill      XL: |  1  2  3  4  5  6  7  8  9 |
---------------+----------------------------+-----
Fighting       | 1 2 3 4 |  4.2
Stealth        | 3 4 5 |  5.2
Armour         | 1 2 3 |  3.3
Dodging        | 3 4 5 |  5.2
Shields        | 1 2 3 |  3.0
Spellcasting   | 4 5 6 7 |  7.8
Conjurations   | 5 6 7 |  7.5
Translocations | 1 2 |  2.7

Action                   |  1- 3 |  4- 6 |  7- 9 || total
-------------------------+-------+-------+-------++-------
Melee: Unarmed           |     1 |       |       ||     1
 Cast: Magic Dart        |    69 |    74 |   141 ||   284
       Searing Ray       |       |     5 |    28 ||    33
       Iskenderun's Myst |       |       |    10 ||    10
  Use: Scroll            |     1 |       |     6 ||     7
       Potion            |       |       |     8 ||     8
Armor: Robe              |     2 |     5 |    15 ||    22
       Ring mail         |       |       |     3 ||     3
Dodge: Dodged            |    12 |    11 |    40 ||    63
